 Dungeon Crawl Stone Soup version 0.13.0-65-g2bb7898 (webtiles) character file.

1619 Kae the Conjurer (level 8, 0/41 HPs)
             Began as a Tengu Fire Elementalist on Nov 26, 2013.
             Killed by divine providence
             ... invoked by an orc priest
              (12 damage)
             ... on Level 5 of the Dungeon.
             The game lasted 00:14:40 (6474 turns).

Kae the Conjurer (Tengu Fire Elementalist)          Turns: 6474, Time: 00:14:42

HP   0/41        AC  2     Str  9      XL: 8   Next: 70%
MP  11/19        EV 15     Int 17      God:
Gold 208         SH  0     Dex 15      Spells:  4 memorised,  4 levels left

Res.Fire  : . . .   See Invis. : .   w - -1,+0 orc whip (venom)
Res.Cold  : . . .   Warding    : .   a - +0 robe
Life Prot.: . . .   Conserve   : .   (no shield)
Res.Poison: .       Res.Corr.  : .   (helmet restricted)
Res.Elec. : .       Clarity    : .   (no cloak)
Sust.Abil.: . .     Spirit.Shd : .   (no gloves)
Res.Mut.  : .       Stasis     : .   (boots unavailable)
Res.Rott. : .       Flight     : +   (no amulet)
Saprovore : . . .                    (no ring)
                                     (no ring)

@: flying, slowed, very slow, slightly resistant to hostile enchantments, fairly
stealthy
A: able to fly, beak, talons 3
a: no special abilities


You were on level 5 of the Dungeon.
You were not hungry.

You visited 1 branch of the dungeon, and saw 5 of its levels.

You collected 188 gold pieces.

Inventory:

Hand weapons
 d - a -1,+0 orcish short sword
 i - a +3,+0 elven whip
 w - a -1,+0 orcish whip of venom (weapon)
Missiles
 k - 2 darts of flame (quivered)
 l - 8 steel darts
 o - 21 darts
Armour
 a - a +0 robe (worn)
Magical devices
 t - a wand of cold (3)
Comestibles
 c - 2 bread rations
Scrolls
 e - a scroll of enchant weapon I {unknown}
 f - 7 scrolls of identify {unknown}
 g - 2 scrolls of teleportation {unknown}
 h - 5 scrolls of remove curse {unknown}
 j - 3 scrolls of recharging {unknown}
 m - a scroll of curse jewellery {unknown}
 v - a scroll of curse armour {unknown}
Potions
 n - a potion of restore abilities {unknown}
 p - a potion of magic {unknown}
 q - a potion of cure mutation {unknown}
 r - a potion of paralysis {unknown}
 s - a potion of resistance {unknown}
 x - a potion of invisibility {unknown}
 z - a potion of mutation {unknown}
Books
 b - a book of Flames

   Spells                             Type                      Level
   *Flame Tongue                      Conjuration/Fire             1
   *Throw Flame                       Conjuration/Fire             2
   *Conjure Flame                     Conjuration/Fire             3
   Inner Flame                        Hexes/Fire                   3
   *Sticky Flame                      Conjuration/Fire             4
   Fireball                           Conjuration/Fire             5


   Skills:
 - Level 2.1 Dodging
 - Level 2.0 Stealth
 + Level 3.9 Spellcasting
 * Level 8.6 Conjurations
 * Level 8.2 Fire Magic


You had 4 spell levels left.
You knew the following spells:

 Your Spells              Type           Power        Failure   Level  Hunger
a - Flame Tongue          Conj/Fire      ####.        1%          1    None
b - Throw Flame           Conj/Fire      ####..       1%          2    ##.....
c - Conjure Flame         Conj/Fire      ####....     1%          3    ###....
d - Sticky Flame          Conj/Fire      ####....     8%          4    ####...


Dungeon Overview and Level Annotations

Branches:
Dungeon (5/27)             Temple (0/1) D:5

Altars:
Cheibriados
Nemelex Xobeh


Innate Abilities, Weirdness & Mutations

You can fly.
You have a beak for a mouth.
You have claws for feet.


Message History

Casting: Flame Tongue
Confirm with . or Enter, or press ? or * to list all spells.
Aiming: Flame Tongue
Press: ? - help, Shift-Dir - straight line, f/p - orc
Aim: an orc, wielding an orcish flail and wearing an orcish leather armour (heavily wounded)
The flame hits the orc.
You kill the orc!
Read which item? (? for menu, Esc to quit)
Okay, then.
Drink which item? (? for menu, Esc to quit)
Okay, then.
Use which ability? (? or * to list)
You can't do that.
Use which ability? (? or * to list)
You swoop lightly up into the air.
You feel somewhat more hungry. The orc wizard casts a spell at you.
You feel yourself slow down.
The orc priest calls down the wrath of Beogh upon you.
Something smites you!
You die...

.>...............................
.................................
...................<.............
.............................)...
.....>........................%..
....#...#######......####...##%<)
....#...# #......# #...#####
...##...# ####.....## #...#
...###### #....@...# ##### (..#
#....%...# .### #.....)..# .#
###......# .# #........ ##
#..o(....# ####oo..... .......
......


You could see an orc priest, an orc wizard and an orc.

Vanquished Creatures
  The ghost of Chiseanne the Covered, an experienced MiFi (D:4)
  The ghost of oink the Stinger, an average SpVM of Nemelex Xobeh (D:5)
  An ice beast (D:5)
  A phantom (D:4)
  An ogre (D:4)
  An agate snail (D:5)
  A crimson imp (D:4)
  2 orc wizards (D:4)
  A giant frog skeleton (D:4)
  2 orc priests
  An iguana (D:4)
  A scorpion (D:5)
  A gnoll shaman (D:5)
  2 hounds (D:4)
  4 worker ants (D:4)
  A sky beast zombie (D:5)
  7 gnolls
  4 adders
  A worm (D:4)
  2 giant mites
  3 giant geckos
  2 oozes
  8 orcs
  A ball python (D:2)
  9 bats
  3 giant cockroaches
  10 goblins
  14 hobgoblins
  9 jackals
  4 quokkas
  5 giant newts
  13 kobolds
  12 rats
129 creatures vanquished.

Notes
Turn   | Place    | Note
--------------------------------------------------------------
     0 | D:1      | Kae, the Tengu Fire Elementalist, began the quest for the Orb.
     0 | D:1      | Reached XP level 1. HP: 10/10 MP: 3/3
   452 | D:1      | Reached XP level 2. HP: 7/15 MP: 1/5
  1056 | D:1      | Reached XP level 3. HP: 15/19 MP: 3/6
  1321 | D:1      | Found a sparkling altar of Nemelex Xobeh.
  1564 | D:2      | Reached skill level 4 in Fire Magic
  1775 | D:2      | Reached XP level 4. HP: 21/24 MP: 0/8
  1855 | D:2      | Learned a level 2 spell: Throw Flame
  2615 | D:3      | Reached XP level 5. HP: 28/28 MP: 7/10
  2805 | D:3      | Reached skill level 5 in Fire Magic
  3125 | D:4      | Noticed Chiseanne's ghost (experienced MiFi)
  3431 | D:3      | Learned a level 3 spell: Conjure Flame
  3596 | D:4      | Killed Chiseanne's ghost
  3596 | D:4      | Reached skill level 6 in Conjurations
  3596 | D:4      | Reached XP level 6. HP: 19/32 MP: 4/14
  3596 | D:4      | Reached XP level 7. HP: 21/36 MP: 4/15
  3676 | D:4      | Learned a level 4 spell: Sticky Flame
  4855 | D:4      | Reached skill level 7 in Conjurations
  4855 | D:4      | Reached XP level 8. HP: 27/41 MP: 6/18
  4977 | D:4      | Noticed a phantom
  5005 | D:4      | Killed a phantom
  5249 | D:5      | Entered Level 5 of the Dungeon
  5331 | D:5      | Noticed oink's ghost (average SpVM)
  5381 | D:4      | HP: 2/41 [poisoned by oink's ghost (sting)]
  5649 | D:5      | Found a staircase to the Ecumenical Temple.
  5871 | D:5      | Reached skill level 8 in Conjurations
  6112 | D:5      | Killed oink's ghost
  6415 | D:5      | Found a snail-covered altar of Cheibriados.
  6474 | D:5      | Killed from afar by an orc priest

Action                   |  1- 3 |  4- 6 |  7- 9 || total
-------------------------+-------+-------+-------++-------
Melee: Short sword       |    19 |       |       ||    19
       Unarmed           |     1 |       |       ||     1
       Whip              |     4 |    22 |    36 ||    62
Throw: Dart              |     2 |       |       ||     2
 Cast: Flame Tongue      |    63 |    60 |    99 ||   222
       Conjure Flame     |       |     1 |     2 ||     3
       Throw Flame       |       |       |    31 ||    31
       Sticky Flame      |       |       |     8 ||     8
 Abil: Fly               |       |       |     2 ||     2
Evoke: Wand              |       |       |     1 ||     1
  Use: Potion            |       |       |     3 ||     3
 Stab: Sleeping          |       |     1 |       ||     1
